Match 27851517
Unlisted

Match 27851517
End
Vickers Machine Gun Team
Construct Section Command Post
Dingo Light Scout Car
Infantry Section
Infantry Section
Construct Platoon Command Post
Humber Armored Car
Infantry Section
Selects Heavy Armor Battlegroup
Selects Light Vehicle Withdraw and Refit
Light Vehicle Withdraw and Refit
6-pounder Anti-tank Gun Team
6-pounder Anti-tank Gun Team
Infantry Section
Construct Company Command Post
Selects Radio Net
Crusader II Medium Tank
Crusader II Medium Tank
Selects Recon Artillery
Recon Artillery
Royal Engineer Section
Armored Vehicle Training
Crusader II Medium Tank
Recon Artillery
Radio Net
乌拉
小水水
Ruby
HulkSMASH
0
0

Comments sign in to comment!

No comments posted yet!